 Dungeon Crawl Stone Soup version 0.30-a0-883-g5ad918d77d (webtiles) character file.

Game seed: 2793048515494409640

12014 oldriver the Thaumaturge (level 11, -5/84 (92) HPs)
             Began as a Purple Draconian Earth Elementalist on Mar 17, 2023.
             Was an Initiate of Gozag.
             Killed from afar by Nergalle (11 damage)
             ... with a bolt of negative energy
             ... on level 11 of the Dungeon.
             The game lasted 00:19:55 (15122 turns).

oldriver the Thaumaturge (DrEE)                    Turns: 15122, Time: 00:19:56

HP:   -5/84 (92)    AC: 11    Str: 15    XL:     11   Next: 56%
MP:   7/25          EV: 12    Int: 19    God:    Gozag
Gold: 1474          SH:  0    Dex: 11    Spells: 14/31 levels left

rFire   + . .      SeeInvis .    C - +11 trident of Terra Cotta {freeze, rF+ Str+3}
rCold   + . .      Faith    .    H - +0 buckler
rNeg    . . .      Spirit   .    (body armour unavailable)
rPois   +          Reflect  .    (helmet restricted)
rElec   .          Rampage  .    G - +0 cloak
rCorr   .                        s - +2 pair of gloves
Will    +....                    (no boots)
Stlth   +                        w - amulet of regeneration
HPRegen 1.14/turn                F - ring of protection from cold
MPRegen 0.19/turn                n - ring of poison resistance

@: confused, ambrosia-drunk, drained
A: breathe power, AC +7, unfitting armour, cold-blooded
a: Breathe Dispelling Energy, Renounce Religion, Potion Petition, Call Merchant,
Bribe Branch


You were on level 11 of the Dungeon.
You worshipped Gozag.
Gozag was most pleased with you.
You visited 2 branches of the dungeon, and saw 12 of its levels.

You collected 2930 gold pieces.
You spent 615 gold pieces at shops.
You paid 841 gold pieces to Gozag.

Inventory:

Hand Weapons
 u - the +5 morningstar of Execution {vamp, SInv}
   (You bought it in a shop on level 9 of the Dungeon)

   SInv:      It lets you see invisible.
 C - the +11 trident of Terra Cotta (weapon) {freeze, rF+ Str+3}
   (You bought it in a shop on level 9 of the Dungeon)

   Str:       It affects your strength (+3).
   rF:        It protects you from fire.
Missiles
 m - 46 poisoned darts
 A - a throwing net
Armour
 s - a +2 pair of gloves (worn)
 G - a +0 cloak (worn)
 H - a +0 buckler (worn)
Magical Staves
 b - a staff of conjuration
Jewellery
 a - a ring of protection from fire
 n - a ring of poison resistance (right hand)
 w - an amulet of regeneration (around neck)
 B - a ring of protection from fire
 E - a ring of positive energy
 F - a ring of protection from cold (left hand)
Wands
 k - a wand of polymorph (6)
 p - a wand of roots (4)
Scrolls
 g - a scroll of silence
 i - 6 scrolls of teleportation
 o - 2 scrolls of poison
 q - a scroll of torment {unknown}
 r - a scroll of blinking
 x - 3 scrolls of vulnerability {unknown}
 y - 6 scrolls of identify
 D - a scroll of fog {unknown}
Potions
 c - a potion of curing
 e - 6 potions of flight
 f - 2 potions of lignification
 h - 2 potions of cancellation {unknown}
 j - a potion of mutation {unknown}
 l - 2 potions of might
 t - a potion of invisibility {unknown}
 v - 2 potions of degeneration {unknown}
 z - a potion of brilliance {unknown}
 I - a potion of attraction {unknown}
Miscellaneous
 J - a tin of tremorstones (inert)


   Skills:
 + Level 7.2 Fighting
 - Level 4.0 Dodging
 - Level 4.0 Stealth
 - Level 4.0 Shields
 + Level 10.7 Spellcasting
 - Level 10.0 Conjurations
 - Level 1.0 Transmutations
 + Level 7.1 Fire Magic
 - Level 5.0 Earth Magic


You had 14 spell levels left.
You knew the following spells:

 Your Spells              Type           Power      Damage    Failure   Level
a - Sandblast             Erth           58%        2d13      1%          1
b - Passwall              Tmut/Erth      17%        N/A       3%          2
c - Stone Arrow           Conj/Erth      76%        3d11      1%          3
e - Starburst             Conj/Fire      21%        6d7       38%         6
f - Fireball              Conj/Fire      21%        3d10      8%          5

Your spell library contained the following spells:

 Spells                   Type           Power      Damage    Failure   Level
 Foxfire                  Conj/Fire      100%       2x1d9     1%          1
 Kiss of Death            Conj/Necr      100%       2d13      1%          1
 Hailstorm                Conj/Ice       29%        3d8       3%          3
 Inner Flame              Hex/Fire       23%        N/A       6%          3
 Freeze                   Ice            40%        1d6       9%          1
 Confusing Touch          Hex            10%        N/A       26%         3
 Frozen Ramparts          Ice            20%        1d4       26%         3
 Petrify                  Tmut/Erth      21%        N/A       26%         4
 Cause Fear               Hex            5%         N/A       65%         4
 Dispel Undead            Necr           10%        3d9       65%         4
 Summon Forest            Summ/Tloc      5%         N/A       94%         5
 Eringya's Noxious Bog    Tmut/Pois      6%         N/A       100%        6
 Summon Hydra             Summ           5%         N/A       100%        7
 Discord                  Hex            5%         N/A       100%        8


Dungeon Overview and Level Annotations

Branches:
Dungeon (11/15)            Temple (1/1) D:4             Orc (0/2) D:10
   Lair: D:8-11

Altars:
Ashenzari
Cheibriados
Dithmenos
Elyvilon
Fedhas
Gozag
Hepliaklqana
Kikubaaqudgha
Makhleb
Nemelex Xobeh
Okawaru
Qazlal
Ru
Sif Muna
Trog
Uskayaw
Vehumet
Wu Jian
Xom
Yredelemnul
Zin
The Shining One

Shops:
D:3 !   D:5 *   D:9 (

Annotations:
D:5 1 runed translucent door, Dil's ghost, novice MiBe
D:11 Nergalle


Innate Abilities, Weirdness & Mutations

You can breathe bolts of dispelling energy.
Your rich purple scales are hard. (AC +7)
You cannot fit into any form of body armour.
You are cold-blooded and may be slowed by cold attacks.


Message History

The burst of rock shards engulfs the spectral orc knight.
The burst of rock shards engulfs the spectral orc warrior.
The spectral orc warrior completely misses you.
The spectral orc warrior hits you with a +0 hand axe.
The spectral orc warrior hits you from afar with a +0 trident.
You feel drained.
The spectral orc knight hits you with a +0 battleaxe!
The boulder beetle leaps!
The spectral orc barely misses you.
The tremorstone explodes into fragments!
The burst of rock shards engulfs the spectral orc knight!
The burst of rock shards engulfs the spectral orc warrior!!
You destroy the spectral orc warrior!
The spectral orc warrior disappears in a puff of smoke!
The burst of rock shards engulfs you!
The burst of rock shards engulfs the spectral orc warrior!
You destroy the spectral orc warrior!
The spectral orc warrior disappears in a puff of smoke!
The burst of rock shards engulfs Nergalle but does no damage.
The tin is emptied!
The spectral orc warrior barely misses you.
The spectral orc knight barely misses you.
The spectral orc barely misses you.
Okay, then.
You are confused.
You feel invigorated.
The spectral orc warrior hits you with a +1 battleaxe of electrocution!
You are electrocuted!
* * * LOW HITPOINT WARNING * * *
The spectral orc knight hits you with a +0 battleaxe!
* * * LOW HITPOINT WARNING * * *
You feel drained.
* * * LOW HITPOINT WARNING * * *
The spectral orc barely misses you.
The spectral orc knight hits you but does no damage.
Nergalle gestures at you while chanting.
The bolt of negative energy hits the spectral orc knight.
The spectral orc knight completely resists.
The bolt of negative energy hits you!
You feel drained.
You die...
Your body crumbles into a pile of gold.

#.. #.# #P # #.# #P #########.#
#P ..........#############P
......................#P
#######...[...........##
#Z#############.## #Z# #...
##############@#############...
.............ZZZ...............
............§o§...############
#...........[....#
#####.........[[.....#
........................
........................
...............B°..#####
#####.......<......#


You could see a boulder beetle, Nergalle, a spectral orc (summoned), 2 spectral
orc warriors and 2 spectral orc knights.

Vanquished Creatures
  Erica (D:9)
  A two-headed ogre (D:8)
  A boulder beetle (D:11)
  Joseph (D:8)
  A gargoyle (D:10)
  Psyche (D:11)
  3 kobold demonologists (D:10)
  A komodo dragon (D:9)
  2 trolls (D:9)
  2 hornets
  Sigmund (D:2)
  A shadow (D:9)
  2 vampires
  Eustachio (D:4)
  6 yaks (D:9)
  Menkaure (D:4)
  2 steam dragons (D:9)
  3 vampire mosquitoes (D:10)
  2 water moccasins
  A hell hound (D:10)
  8 orc warriors
  2 ice beasts (D:6)
  10 centaurs
  3 phantoms
  6 kobold brigands
  A gnoll sergeant (D:8)
  4 scorpions
  6 wights
  7 killer bees
  8 howler monkeys
  A jelly (D:5)
  2 hounds
  A gnoll bouda (D:8)
  11 orc priests
  A sleepcap (D:4)
  Jessica (D:2)
  6 iguanas
  9 orc wizards
  7 adders
  11 gnolls
  2 shadow imps
  A white imp (D:6)
  2 ufetubi
  2 worms (D:2)
  4 dart slugs
  43 orcs
  A ball python (D:4)
  8 endoplasms
  2 giant cockroaches
  5 goblins
  9 hobgoblins
  8 jackals (D:1)
  7 quokkas
  2 bats
  5 frilled lizards
  22 kobolds
  5 rats (D:1)
267 creatures vanquished.

Vanquished Creatures (others)
  12 plants (D:11)
12 creatures vanquished.

Grand Total: 279 creatures vanquished

Notes
Turn   | Place    | Note
-------+----------+-------------------------------------------
     0 | D:1      | oldriver the Draconian Earth Elementalist began the quest
                  | for the Orb.
     0 | D:1      | Reached XP level 1. HP: 14/14 MP: 3/3
    75 | D:1      | Reached XP level 2. HP: 15/20 MP: 1/5
   544 | D:1      | Reached XP level 3. HP: 23/26 MP: 3/6
  1075 | D:2      | You fall into a shaft and drop 2 floors!
  1165 | D:4      | Learned a level 2 spell: Passwall
  1169 | D:4      | Learned a level 3 spell: Stone Arrow
  1578 | D:2      | Reached XP level 4. HP: 33/33 MP: 4/7
  1772 | D:2      | Noticed Jessica
  1774 | D:2      | Killed Jessica
  1857 | D:2      | Noticed Sigmund
  1861 | D:2      | Killed Sigmund
  1862 | D:2      | Reached skill level 5 in Earth Magic
  1862 | D:2      | Reached XP level 5. HP: 38/38 MP: 4/11
  1942 | D:2      | Reached XP level 6. HP: 45/45 MP: 8/12
  2717 | D:3      | Found Byoh's Distillery.
  2833 | D:3      | Bought a potion of heal wounds for 55 gold pieces
  3287 | D:5      | Entered Level 5 of the Dungeon
  3350 | D:5      | Found a runed translucent door.
  3353 | D:5      | Noticed Dil's ghost (novice MiBe)
  3372 | D:5      | Reached skill level 1 in Fighting
  3374 | D:5      | Reached skill level 5 in Spellcasting
  3374 | D:5      | Reached skill level 1 in Conjurations
  3643 | D:5      | Noticed a water moccasin
  3664 | D:4      | Your scales start taking on a rich purple colour.
  3664 | D:4      | Reached XP level 7. HP: 55/55 MP: 12/16
  3711 | D:4      | Found a staircase to the Ecumenical Temple.
  3748 | D:4      | Noticed Eustachio
  3772 | D:4      | Identified a scroll of acquirement
  3878 | Temple   | Entered the Ecumenical Temple
  3879 | Temple   | Acquired a staff of conjuration
  4366 | Temple   | Became a worshipper of Gozag Ym Sagoz the Greedy
  4706 | D:4      | Killed Eustachio
  4877 | D:4      | Noticed Menkaure
  4890 | D:4      | Killed Menkaure
  4891 | D:4      | Reached skill level 5 in Conjurations
  5016 | D:4      | Reached XP level 8. HP: 61/61 MP: 10/17
  6301 | D:5      | Found Fupunuco's Assorted Antiques.
  6314 | D:5      | Bought a scroll labelled JINNUF UPIRUEH for 21 gold pieces
  6314 | D:5      | Bought a blackened copper wand for 84 gold pieces
  6385 | D:5      | Found a glowing golden altar of the Shining One.
  6386 | D:5      | Found a radiant altar of Vehumet.
  8245 | D:7      | Reached XP level 9. HP: 70/72 MP: 2/19
  8267 | D:6      | Learned a level 5 spell: Fireball
  8274 | D:6      | Learned a level 6 spell: Starburst
  8509 | D:7      | Reached skill level 1 in Fire Magic
  9378 | D:7      | Reached skill level 5 in Fighting
  9470 | D:8      | Noticed Joseph
  9482 | D:8      | Killed Joseph
 10510 | D:8      | Identified the +0 scale mail of Omaroide {Str+4 Int+3}
 10721 | D:8      | Reached XP level 10. HP: 79/81 MP: 12/23
 10777 | D:8      | Identified the +2 hand axe "Icaziuji" {venom, rC+ Dex+5}
 10977 | D:8      | Noticed a two-headed ogre
 10982 | D:8      | Killed a two-headed ogre
 11178 | D:8      | Reached skill level 5 in Fire Magic
 11766 | D:9      | Reached skill level 1 in Shields
 12479 | D:9      | Noticed Erica
 12483 | D:9      | Killed Erica
 12689 | D:9      | Reached skill level 10 in Conjurations
 12689 | D:9      | Reached XP level 11. HP: 49/89 MP: 2/24
 12793 | D:9      | Acquired 839 gold pieces
 12860 | D:9      | Bought a warped morningstar for 234 gold pieces
 12860 | D:9      | Identified the +5 morningstar of Execution {vamp, SInv}
                  | (You bought it in a shop on level 9 of the Dungeon)
 12860 | D:9      | Bought a polished trident for 221 gold pieces
 12860 | D:9      | Identified the +11 trident of Terra Cotta {freeze, rF+
                  | Str+3} (You bought it in a shop on level 9 of the Dungeon)
 12890 | D:10     | Entered Level 10 of the Dungeon
 12928 | D:10     | Reached skill level 10 in Spellcasting
 13965 | D:10     | Found a staircase to the Orcish Mines.
 14344 | D:11     | Noticed Psyche
 14347 | D:11     | Noticed Nergalle
 14348 | D:11     | Killed Psyche
 14443 | D:11     | Noticed a boulder beetle
 14452 | D:11     | Killed a boulder beetle
 15075 | D:11     | Noticed a boulder beetle
 15122 | D:11     | Killed from afar by Nergalle

Illustrated notes

Levels and vault maps discovered:
D:1:      minmay_arrival_diagonal_passages, layout_rooms, grunt_decor_junction,
          minmay_misc_feat_cross
D:2:      layout_basic, uniq_sigmund, uniq_jessica
D:3:      layout_basic, serial_shops, shop
D:4:      layout_basic, temple_hall, minmay_misc_feat_chi, uniq_eustachio,
          uniq_menkaure
D:5:      layout_loops_ring, mainiacjoe_overflow_divided_tiny,
          ebering_ghost_sewer_d, serial_shops, nicolae_shop_stone
D:6:      layout_gridville
D:7:      layout_basic
D:8:      layout_basic, uniq_joseph
D:9:      minmay_angry_zag, layout_loops_cross, nzn_life_drinkers, uniq_erica
D:10:     layout_long_grid, david_orc_4, minmay_rotating_lava
D:11:     layout_long_grid, david_lair_shrubbed, uniq_nergalle, uniq_psyche
Temple:   mainiacjoe_temple_big_plus

Skill      XL: |  1  2  3  4  5  6  7  8  9 10 11 |
---------------+----------------------------------+-----
Earth Magic    | 4 5 |  5.0
Spellcasting   | 4 6 7 9 10 | 10.7
Dodging        | 2 3 4 |  4.0
Stealth        | 2 3 4 |  4.0
Fighting       | 2 4 5 6 7 |  7.2
Conjurations   | 2 5 7 9 10 | 10.0
Fire Magic     | 4 5 7 |  7.1
Shields        | 2 4 |  4.0
Transmutations | |  1.0

Action                     |  1- 3 |  4- 6 |  7- 9 | 10-12 || total
---------------------------+-------+-------+-------+-------++-------
  Melee: Unarmed           |    21 |     1 |     2 |       ||    24
         Tailslap          |     3 |     1 |     1 |    17 ||    22
         Staff             |       |       |    17 |    35 ||    52
         Punch             |       |       |     2 |       ||     2
         Trident           |       |       |       |    83 ||    83
  Throw: Dart              |       |       |     2 |       ||     2
   Cast: Sandblast         |    59 |    65 |    26 |    13 ||   163
         Stone Arrow       |       |       |   161 |   134 ||   295
         Fireball          |       |       |       |     8 ||     8
 Invoke: Call Merchant     |       |       |       |     1 ||     1
Ability: Breathe Dispellin |       |       |     1 |       ||     1
  Evoke: Wand              |       |       |     3 |     4 ||     7
         Tin of tremorston |       |       |       |     2 ||     2
    Use: Potion            |     1 |       |     4 |     5 ||    10
         Scroll            |     4 |     1 |    11 |     1 ||    17
 Armour: Skin              |    19 |    11 |    37 |    80 ||   147
  Dodge: Dodged            |    63 |    29 |    80 |   148 ||   320
  Block: Buckler           |       |       |       |    51 ||    51

Table legend: (Time is in decaauts)
 A = Elapsed time spent in this place.
 B = Non-inter-level travel time spent in this place.
 C = Inter-level travel time spent in this place.
 D = Time resting spent in this place.
 E = Time spent auto-exploring this place.
 F = Levels seen in this place.
 G = Mean time per level.
                   A        B        C        D        E       F      G
               +--------+--------+--------+--------+--------+-----+--------+
         Total |  15258 |  14604 |    654 |   2025 |  10703 |  12 | 1271.5 |
       Dungeon |  14741 |  14210 |    531 |   2025 |  10320 |  11 | 1340.1 |
        Temple |    517 |    394 |    123 |      0 |    383 |   1 |  517.0 |
               +--------+--------+--------+--------+--------+-----+--------+

Top non-repeatable levels by time:
     D:4: 2205 daAuts
     D:8: 1972 daAuts
    D:10: 1688 daAuts
     D:5: 1377 daAuts
     D:6: 1355 daAuts
     D:9: 1323 daAuts
     D:7: 1301 daAuts
     D:2: 1163 daAuts
     D:1: 1080 daAuts
     D:3: 699 daAuts
    D:11: 574 daAuts
  Temple: 517 daAuts
